 Dungeon Sprint DCSS version 0.29.1-15-g9cfb28693d (webtiles) character file.

Game seed: 7187976519847007259

2388 boopmooplesden the Impaler (level 9, -5/99 HPs)
             Began as a Minotaur Berserker on Mar 11, 2023.
             Was a High Priest of Trog.
             Slain by a yaktaur (12 damage)
             ... in the Dungeon (Sprint II: "The Violet Keep of Menkaure").
             The game lasted 00:02:23 (946 turns).

boopmooplesden the Impaler (Minotaur Berserker)      Turns: 946, Time: 00:02:24

Health: -5/99      AC:  8    Str: 25    XL:     9   Next: 22%
Magic:  8/8        EV: 17    Int:  4    God:    Trog [*****.]
Gold:   526        SH:  0    Dex: 22    Spells: 8/8 levels left

rFire   . . .      SeeInvis .   a - +0 spear
rCold   . . .      Faith    .   (no shield)
rNeg    + . .      Spirit   .   i - +0 scale mail "Peubobiu" {rN+ Dex+7}
rPois   .          Reflect  .   (helmet restricted)
rElec   +          Harm     .   d - +2 cloak "Vulexi" {rElec Dex+4}
rCorr   .          Rampage  .   (no gloves)
Will    .....      NoTele   +   (no boots)
Stlth   +.........              (no amulet)
HPRegen 0.26/turn               (no ring)
MPRegen 0.11/turn               (no ring)

@: on berserk cooldown, slowed, very slow
A: horns 2, retaliatory headbutt, deformed body
a: Renounce Religion, Berserk, Trog's Hand, Brothers in Arms


You were in the Dungeon.
You worshipped Trog.
Trog was extremely pleased with you.
You visited 1 branch You collected 988 gold pieces.
You spent 462 gold pieces at shops.

Inventory:

Hand Weapons
 a - a +0 spear (weapon)
Armour
 b - a +0 animal skin
 d - the +2 cloak "Vulexi" (worn) {rElec Dex+4}
   (You bought it in a shop in the Dungeon)

   Dex:       It affects your dexterity (+4).
   rElec:     It insulates you from electricity.
 i - the +0 scale mail "Peubobiu" (worn) {rN+ Dex+7}
   (You bought it in a shop in the Dungeon)

   Dex:       It affects your dexterity (+7).
   rN:        It protects you from negative energy.
Scrolls
 h - a scroll of blinking
Potions
 c - a potion of curing
 e - a potion of haste
 f - 2 potions of magic
 g - a potion of berserk rage


   Skills:
 + Level 15.6 Fighting
 + Level 15.6 Polearms
 + Level 8.9 Armour
 + Level 9.2 Dodging


You had 8 spell levels left.
You didn't know any spells.
Your spell library was empty.

Dungeon Overview and Level Annotations

Branches:
Dungeon (1/1)

Altars:
Cheibriados
Dithmenos
Elyvilon
Fedhas
Gozag
Hepliaklqana
Kikubaaqudgha
Makhleb
Nemelex Xobeh
Okawaru
Qazlal
Ru
Sif Muna
Trog
Uskayaw
Vehumet
Wu Jian
Xom
Yredelemnul
Zin
The Shining One
Jiyva
Lugonu

Shops:
D :![!((=?!*[=(*:

Annotations:
D exclusion: oklob plant


Innate Abilities, Weirdness & Mutations

You have a pair of horns on your head.
You reflexively headbutt those who attack you in melee.
Armour fits poorly on your strangely shaped body.


Message History

* * * LOW HITPOINT WARNING * * *
The polar bear bites you.
* * * LOW HITPOINT WARNING * * *
The polar bear claws you.
* * * LOW HITPOINT WARNING * * *
The polar bear barely misses you.
You hit the polar bear but do no damage.
You headbutt the polar bear, but do no damage.
The polar bear is almost dead.
You feel sick.
The polar bear bites you but does no damage.
The polar bear closely misses you.
The polar bear claws you but does no damage.
The yaktaur barely misses you.
You hit the polar bear but do no damage.
The polar bear is almost dead.
You feel sick.
You are no longer poisoned.
The polar bear barely misses you. You furiously retaliate!
You headbutt the polar bear, but do no damage.
The polar bear claws you but does no damage. x2
The yaktaur closely misses you. You furiously retaliate!
You headbutt the yaktaur! You puncture the polar bear!
You kill the polar bear!
Trog accepts your kill.
You puncture the yaktaur!
You headbutt the yaktaur, but do no damage.
The yaktaur is severely wounded.
The yaktaur hits you but does no damage.
Unknown command.
You hit the yaktaur but do no damage. You headbutt the yaktaur.
The yaktaur is almost dead.
The yaktaur barely misses you.
You hit the yaktaur.
The yaktaur is almost dead.
You hit the yaktaur. You punch the yaktaur.
The yaktaur is almost dead.
The yaktaur hits you!
You die...

## #. .##.#### +.###
..# ...# ...####
.####..## #^.##$#
###.##..# +..#c.#
##.#.#..# #^.#.@#
.'###'..####..##.#
##.#.#....###...##▓▓▓
###.##.§....~~~~~~~~~~~
.####~~.....~#+########
..#~~~~~§~..~#..._._._#
###~~~~~~§~.~#_._._._.#
##~§~§§§~~~~§#._._._._#
~~~~~~≈≈§§~~~#_._._._.#


You could see a yaktaur.

Vanquished Creatures
  A hornet (D)
  3 polar bears (D)
  A blink frog (D)
  2 wyverns (D)
  4 neqoxecs (D)
  2 water moccasins (D)
  4 necrophages (D)
  4 scorpions (D)
21 creatures vanquished.

Vanquished Creatures (others)
  Menkaure (D)
1 creature vanquished.

Grand Total: 22 creatures vanquished

Notes
Turn   | Place    | Note
-------+----------+-------------------------------------------
     0 | D        | boopmooplesden the Minotaur Berserker began the quest for
                  | the Orb.
     0 | D        | Reached XP level 1. HP: 19/19 MP: 0/0
     1 | D        | Noticed a necrophage
     1 | D        | Noticed a necrophage
     1 | D        | Noticed a necrophage
     1 | D        | Noticed a necrophage
     9 | D        | Killed a necrophage
    10 | D        | Reached XP level 2. HP: 31/31 MP: 1/1
    10 | D        | Reached XP level 3. HP: 38/38 MP: 2/2
    12 | D        | Killed a necrophage
    13 | D        | Reached XP level 4. HP: 48/48 MP: 3/3
    14 | D        | Killed a necrophage
    14 | D        | Reached ** piety under Trog
    15 | D        | Reached XP level 5. HP: 57/57 MP: 4/4
    16 | D        | Reached skill level 5 in Armour
    51 | D        | Noticed a wyvern
    51 | D        | Noticed a wyvern
    62 | D        | Killed a wyvern
    63 | D        | Reached skill level 5 in Dodging
    63 | D        | Reached XP level 6. HP: 14/68 MP: 5/5
    74 | D        | Killed a wyvern
    75 | D        | Reached XP level 7. HP: 27/75 MP: 6/6
   111 | D        | Killed Menkaure
   303 | D        | Reached *** piety under Trog
   349 | D        | Noticed a neqoxec
   349 | D        | Noticed a neqoxec
   349 | D        | Noticed a neqoxec
   349 | D        | Noticed a neqoxec
   351 | D        | Gained mutation: Armour fits poorly on your strangely
                  | shaped body. [a neqoxec]
   356 | D        | Killed a neqoxec
   356 | D        | Reached **** piety under Trog
   359 | D        | Killed a neqoxec
   360 | D        | Reached XP level 8. HP: 79/86 MP: 7/7
   397 | D        | Found Zuka's Assorted Antiques.
   423 | D        | Found Dagefem's Distillery.
   423 | D        | Found Razarr's Magic Scroll Emporium.
   423 | D        | Found Exiynt Vegu's Antique Weapon Shoppe.
   423 | D        | Found Binabevaj's Jewellery Shoppe.
   423 | D        | Found Gymeig's Antique Armour Shoppe.
   423 | D        | Found Cuggeach's Distillery.
   423 | D        | Found Bajoti's Weapon Shoppe.
   423 | D        | Found Elicw's Book Shoppe.
   423 | D        | Found Nekaczeo's Assorted Antiques.
   424 | D        | Found Towibeo's Antique Armour Shoppe.
   424 | D        | Found Lymim's Jewellery Shoppe.
   424 | D        | Found Seth's Weapon Emporium.
   424 | D        | Found Adusep's Distillery.
   427 | D        | Reached ***** piety under Trog
   591 | D        | Noticed a blink frog
   606 | D        | Killed a blink frog
   830 | D        | Noticed an oklob plant
   831 | D        | Found Iwyrunt's Book Shoppe.
   845 | D        | Bought a polished cloak for 237 gold pieces
   845 | D        | Identified the +2 cloak "Vulexi" {rElec Dex+4} (You bought
                  | it in a shop in the Dungeon)
   845 | D        | Bought an ichor-stained scale mail for 225 gold pieces
   845 | D        | Identified the +0 scale mail "Peubobiu" {rN+ Dex+7} (You
                  | bought it in a shop in the Dungeon)
   898 | D        | Found a glowing golden altar of the Shining One.
   898 | D        | Found an ornate altar of the Wu Jian Council.
   899 | D        | Found a shimmering altar of Xom.
   899 | D        | Found a sacrificial altar of Ru.
   899 | D        | Found a stormy altar of Qazlal.
   900 | D        | Found a basalt altar of Yredelemnul.
   900 | D        | Found a shimmering blue altar of Sif Muna.
   900 | D        | Found a viscous altar of Jiyva.
   900 | D        | Found a hazy altar of Hepliaklqana.
   901 | D        | Found a glowing silver altar of Zin.
   901 | D        | Found a bloodstained altar of Trog.
   901 | D        | Found an ancient bone altar of Kikubaaqudgha.
   901 | D        | Found a snail-covered altar of Cheibriados.
   902 | D        | Found a hide-covered altar of Uskayaw.
   902 | D        | Found a corrupted altar of Lugonu.
   902 | D        | Found a shadowy altar of Dithmenos.
   903 | D        | Found a radiant altar of Vehumet.
   903 | D        | Found a burning altar of Makhleb.
   903 | D        | Found a white marble altar of Elyvilon.
   904 | D        | Found a sparkling altar of Nemelex Xobeh.
   904 | D        | Found a blossoming altar of Fedhas.
   905 | D        | Found an iron altar of Okawaru.
   905 | D        | Found an opulent altar of Gozag.
   906 | D        | Noticed a yaktaur
   906 | D        | Noticed a hornet
   906 | D        | Noticed a polar bear
   906 | D        | Noticed a polar bear
   919 | D        | Killed a polar bear
   920 | D        | Noticed a polar bear
   924 | D        | Killed a polar bear
   925 | D        | Reached skill level 15 in Fighting
   925 | D        | Reached skill level 15 in Polearms
   925 | D        | Reached XP level 9. HP: 97/97 MP: 8/8
   942 | D        | Killed a polar bear
   946 | D        | Slain by a yaktaur

Illustrated notes

Levels and vault maps discovered:
D:        the_violet_keep_of_menkaure [sprint2_stairs_cluster_1,
          sprint2_shoproom, sprint2_temple, sprint2_basic_supplies,
          sprint2_obstacle_1, sprint2_obstacle_7, sprint2_obstacle_5,
          sprint2_obstacle_6, sprint2_obstacle_2, sprint2_timed_cluster_1,
          sprint2_smallroom_cluster_1, sprint2_smallroom_final_cluster_1,
          sprint2_transparent_cluster_1, sprint2_second_timed_cluster_1,
          sprint2_sniper_area_1, sprint2_heavy_combat_area_1,
          sprint2_mutation_trap_area_1, sprint2_forest_area_1,
          sprint2_light_combat_area_1, sprint2_behind_water_1,
          sprint2_near_end_vault_1]

Skill      XL: |  1  2  3  4  5  6  7  8  9 |
---------------+----------------------------+-----
Fighting       | 6 7 9 11 13 15 | 15.6
Polearms       | 6 7 9 11 13 15 | 15.6
Armour         | 3 4 5 6 7 8 |  8.9
Dodging        | 3 4 5 6 7 8 9 |  9.2

Action                   |  1- 3 |  4- 6 |  7- 9 || total
-------------------------+-------+-------+-------++-------
Melee: Spear             |    10 |    24 |    70 ||   104
       Headbutt          |     1 |     3 |    21 ||    25
       Punch             |       |       |     1 ||     1
Invok: Berserk           |     1 |       |     5 ||     6
  Use: Potion            |       |     1 |       ||     1
Armor: Animal skin       |     1 |     1 |       ||     2
       Scale mail        |       |       |    14 ||    14
Dodge: Dodged            |     2 |    13 |    55 ||    70
